 Dungeon Sprint DCSS version 0.30-a0-800-g7c544603b3 (webtiles) character file.

Game seed: 8136110107336885294

31881 rocky1 the Slayer (level 13, 0/106 HPs)
             Began as a Gargoyle Gladiator on Feb 22, 2023.
             Was an Initiate of Gozag.
             Slain by an alligator (19 damage)
             ... in the Dungeon (Sprint IX: "|||||||||||||||||||||||||||||").
             The game lasted 00:08:24 (2952 turns).

rocky1 the Slayer (Gargoyle Gladiator)              Turns: 2952, Time: 00:08:25

Health: 0/106      AC: 32    Str: 27    XL:     13   Next: 61%
Magic:  13/13      EV: 13    Int: 10    God:    Gozag
Gold:   7326       SH:  0    Dex: 13    Spells: 12/12 levels left

rFire   . . .      SeeInvis .    n - +2 dire flail (heavy)
rCold   + + .      Faith    .    (shield currently unavailable)
rNeg    + . .      Spirit   .    q - +1 plate armour of Atzedw Ucra {Will+ Str+2}
rPois   ∞          Reflect  .    c - +0 helmet
rElec   +          Harm     .    s - +0 cloak
rCorr   +          Rampage  .    (no gloves)
Will    +....      NoTele   +    o - +0 pair of boots Stlth
                                 G - amulet of regeneration
HPRegen 1.17/turn                I - ring of Sloth {Drain rC+ rCorr Str+3 Dex+2}
MPRegen 0.13/turn                H - ring of protection from cold

@: gold aura
A: sickness immunity, AC +9, negative energy resistance 1, electricity
resistance, torment resistance 1, petrification resistance
a: Renounce Religion, Potion Petition, Call Merchant, Bribe Branch


You were in the Dungeon.
You worshipped Gozag.
Gozag was greatly pleased with you.
You visited 1 branch You collected 12017 gold pieces.
You spent 3287 gold pieces at shops.
You paid 1404 gold pieces to Gozag.

Inventory:

Hand Weapons
 n - a +2 heavy dire flail (weapon)
 r - a +2 morningstar of holy wrath
 y - a +2 dire flail of holy wrath
 F - a +1 lajatang of electrocution
Missiles
 d - 3 throwing nets (quivered)
 e - a javelin
 L - a silver javelin
Armour
 c - a +0 helmet (worn)
 g - a +0 plate armour
 o - a +0 pair of boots (worn)
 q - the +1 plate armour of Atzedw Ucra (worn) {Will+ Str+2}
   (You found it in the Dungeon)

   Str:       It affects your strength (+2).
   Will:      It increases your willpower.
 s - a +0 cloak (worn)
Jewellery
 G - an amulet of regeneration (around neck)
 H - a ring of protection from cold (right hand)
 I - the ring of Sloth (left hand) {Drain rC+ rCorr Str+3 Dex+2}
   (You bought it in a shop in the Dungeon)

   [ring of protection from cold]

   Str:       It affects your strength (+3).
   Dex:       It affects your dexterity (+2).
   rC:        It protects you from cold.
   rCorr:     It protects you from acid and corrosion.
   Drain:     It drains your maximum health when unequipped.
 J - an amulet of the acrobat
 K - a ring of see invisible
Wands
 m - a wand of quicksilver (6)
Scrolls
 k - 3 scrolls of blinking
 l - 2 scrolls of amnesia
 t - 8 scrolls of enchant weapon
 u - 2 scrolls of identify
 v - 2 scrolls of fear
Potions
 a - 2 potions of brilliance
 b - a potion of invisibility
 f - 5 potions of curing
 h - 2 potions of might
 i - 5 potions of magic
 j - 12 potions of heal wounds
 p - 2 potions of haste
 w - 3 potions of mutation
 x - a potion of resistance
 z - a potion of lignification
 A - a potion of attraction
 B - 2 potions of cancellation
 C - a potion of degeneration
 D - a potion of berserk rage
 E - a potion of ambrosia


   Skills:
 * Level 22.6 Fighting
 * Level 21.0 Maces & Flails
 - Level 1.7 Throwing
 + Level 15.4 Armour
 + Level 13.1 Dodging


You had 12 spell levels left.
You didn't know any spells.
Your spell library contained the following spells:

 Spells                   Type           Power      Damage    Failure   Level
 Static Discharge         Conj/Air       0%         2-2/arc   98%         2
 Vhi's Electric Charge    Tloc/Air       0%         N/A       100%        3
 Arcjolt                  Conj/Air       0%         1d10      100%        5
 Lightning Bolt           Conj/Air       0%         1d11      100%        5


Dungeon Overview and Level Annotations

Branches:
Dungeon (1/1)

Altars:
Cheibriados
Dithmenos
Elyvilon
Fedhas
Gozag
Hepliaklqana
Kikubaaqudgha
Makhleb
Nemelex Xobeh
Okawaru
Qazlal
Ru
Sif Muna
Trog
Uskayaw
Vehumet
Wu Jian
Xom
Yredelemnul
Zin
The Shining One
Jiyva
Lugonu

Shops:
D =(((


Innate Abilities, Weirdness & Mutations

You are immune to sickness and miasma.
Your stone body is resilient. (AC +9)
You are immune to poison.
You resist negative energy. (rN+)
You are resistant to electric shocks. (rElec)
You are resistant to unholy torment.
You are immune to petrification.


Message History

You see here 72 gold pieces.
You impale the swamp dragon!!
The swamp dragon is heavily wounded.
The swamp dragon bites you!
The swamp dragon claws you but does no damage.
The swamp dragon tramples you but does no damage.
You completely miss the swamp dragon.
The swamp dragon is heavily wounded.
The swamp dragon closely misses you.
The swamp dragon claws you but does no damage.
The swamp dragon tramples you.
You stumble backwards!
The alligator puts on a burst of speed!
You bludgeon the swamp dragon!!
The swamp dragon is almost dead.
The swamp dragon bites you but does no damage.
The swamp dragon barely misses you. The swamp dragon closely misses you.
You hit the swamp dragon but do no damage.
The swamp dragon is almost dead.
The swamp dragon bites you!
* * * LOW HITPOINT WARNING * * *
The swamp dragon claws you but does no damage.
The swamp dragon closely misses you.
You bludgeon the swamp dragon!!
You kill the swamp dragon!
You hit the alligator.
The alligator is lightly wounded.
The alligator bites you!
* * * LOW HITPOINT WARNING * * *
The alligator tail-slaps you but does no damage.
The alligator bites you but does no damage.
The alligator tail-slaps you but does no damage.
You hit the alligator.
The alligator is lightly wounded.
The alligator bites you but does no damage.
The alligator barely misses you.
You hit the alligator.
The alligator is lightly wounded.
The alligator bites you!!
You die...
Your body crumbles into a pile of gold.

[∩.∩)∩.))))'...).))))))))....)).)
▓▓▓▓▓▓▓▓▓▓▓▓▓▓▓▓▓▓▓▓▓▓▓▓▓▓▓▓▓▓▓▓▓
.................................
▓▓▓▓▓▓▓▓▓▓▓▓▓▓▓▓▓▓▓▓▓▓▓▓▓▓▓▓▓▓▓▓▓
...))).)('...........[[[[[[[.))))
▓▓▓▓▓▓▓▓▓▓▓▓▓▓▓▓▓▓▓▓▓▓▓▓▓▓▓▓▓▓▓▓▓
.................................
▓▓▓▓▓▓▓♣♣♣♣♣♣♣♣♣♣▓▓▓▓▓▓▓▓▓▓▓▓▓▓▓▓
,,,,,,+,.......t@....)).))'.....[
********♣♣♣♣♣♣♣♣♣▓▓▓▓▓▓▓▓▓▓▓▓▓▓▓▓
,,,,,,,,,,,,,,,,,,,,,,,,,,,,,,,,,
*********************************
,,,,,,,,,,,,,,,+,,,,,,,,,,,,,,,,,
*********************************
,,,,,,,,,,,,,,,,,,,,,,,,,,,,,,,,,
*********************************
,,,,,,,,,,,,,,,,,,,,,,,,,,,,,,,,,


You could see an alligator (swift).

Vanquished Creatures
  Gastronok (D)
  A nagaraja (D)
  A frost giant (D)
  2 very ugly things (D)
  Nessos (D)
  A bunyip (D)
  A merfolk impaler (D)
  A merfolk javelineer (D)
  A fire dragon (D)
  2 hydras (D)
  Erolcha (D)
  A boulder beetle (D)
  A death yak (D)
  A naga warrior (D)
  A centaur warrior (D)
  2 tengu warriors (D)
  A naga sharpshooter (D)
  4 orc high priests (D)
  2 swamp dragons (D)
  2 naga ritualists (D)
  An orc knight (D)
  2 necromancers (D)
  3 manticores (D)
  A cyclops (D)
  2 will-o-the-wisps (D)
  An elephant (D)
  5 black mambas (D)
  A water nymph (D)
  A torpor snail (D)
  2 komodo dragons (D)
  4 cane toads (D)
  A yaktaur (shapeshifter) (D)
  A troll (D)
  2 wind drakes (D)
  2 merfolk (D)
  A snapping turtle (D)
  A vampire (D)
  A slime creature (D)
  8 yaks (D)
  A shadow (D)
  A wraith (D)
  A basilisk (D)
  A vampire mosquito (D)
  2 wargs (D)
  2 hell hounds (D)
  2 water moccasins (D)
  13 orc warriors (D)
  2 swamp drakes (D)
  2 black bears (D)
  4 wolves (D)
  A killer bee (D)
  A hound (D)
  11 orc priests (D)
  2 orc wizards (D)
  10 orcs (D)
  An endoplasm (D)
  A goblin (D)
  A hobgoblin (D)
  A quokka (D)
  2 rats (D)
130 creatures vanquished.

Notes
Turn   | Place    | Note
-------+----------+-------------------------------------------
     0 | D        | rocky1 the Gargoyle Gladiator began the quest for the Orb.
     0 | D        | Reached XP level 1. HP: 12/12 MP: 1/1
    13 | D        | Reached skill level 3 in Fighting
    61 | D        | Noticed a hound
    61 | D        | Noticed a water moccasin
    61 | D        | Noticed a black bear
    71 | D        | Killed a black bear
    72 | D        | Reached skill level 6 in Fighting
    72 | D        | Reached XP level 2. HP: 9/23 MP: 2/2
    72 | D        | Reached XP level 3. HP: 11/28 MP: 3/3
    72 | D        | Reached XP level 4. HP: 13/32 MP: 4/4
    77 | D        | Killed a water moccasin
    78 | D        | Reached skill level 8 in Fighting
    78 | D        | Reached XP level 5. HP: 13/39 MP: 5/5
    90 | D        | Reached skill level 5 in Dodging
    90 | D        | Reached XP level 6. HP: 34/45 MP: 6/6
   226 | D        | Found a snail-covered altar of Cheibriados.
   226 | D        | Found a shadowy altar of Dithmenos.
   226 | D        | Found a white marble altar of Elyvilon.
   226 | D        | Found a blossoming altar of Fedhas.
   226 | D        | Found an opulent altar of Gozag.
   227 | D        | Found a hazy altar of Hepliaklqana.
   228 | D        | Found a viscous altar of Jiyva.
   229 | D        | Found an ancient bone altar of Kikubaaqudgha.
   230 | D        | Found a corrupted altar of Lugonu.
   231 | D        | Found a burning altar of Makhleb.
   232 | D        | Found a sparkling altar of Nemelex Xobeh.
   233 | D        | Found an iron altar of Okawaru.
   234 | D        | Became a worshipper of Gozag Ym Sagoz the Greedy
   235 | D        | Found a stormy altar of Qazlal.
   236 | D        | Found a sacrificial altar of Ru.
   237 | D        | Found a shimmering blue altar of Sif Muna.
   238 | D        | Found a bloodstained altar of Trog.
   239 | D        | Found a hide-covered altar of Uskayaw.
   240 | D        | Found a radiant altar of Vehumet.
   241 | D        | Found an ornate altar of the Wu Jian Council.
   242 | D        | Found a shimmering altar of Xom.
   243 | D        | Found a basalt altar of Yredelemnul.
   244 | D        | Found a glowing silver altar of Zin.
   245 | D        | Found a glowing golden altar of the Shining One.
   391 | D        | Noticed a vampire
   391 | D        | Noticed a yak
   391 | D        | Noticed an orc warrior
   391 | D        | Noticed a shadow
   391 | D        | Noticed a yak
   395 | D        | Killed a yak
   396 | D        | Reached skill level 9 in Fighting
   396 | D        | Killed a shadow
   397 | D        | Reached skill level 10 in Fighting
   397 | D        | Reached XP level 7. HP: 44/53 MP: 7/7
   401 | D        | Reached skill level 10 in Maces & Flails
   407 | D        | Killed a yak
   408 | D        | Reached skill level 11 in Fighting
   408 | D        | Reached skill level 5 in Armour
   409 | D        | HP: 2/54 [something (5)]
   419 | D        | Killed a vampire
   420 | D        | Reached XP level 8. HP: 17/60 MP: 8/8
   689 | D        | Noticed a tengu warrior
   689 | D        | Noticed a six-headed hydra
   689 | D        | Noticed a centaur warrior
   689 | D        | Noticed a troll
   689 | D        | Noticed a yaktaur
   689 | D        | Noticed a wraith
   691 | D        | Killed a wraith
   692 | D        | Reached skill level 12 in Fighting
   696 | D        | Killed a yaktaur
   701 | D        | Killed a troll
   705 | D        | Killed a centaur warrior
   706 | D        | Reached skill level 13 in Fighting
   706 | D        | Reached XP level 9. HP: 52/68 MP: 9/9
   713 | D        | Killed a six-headed hydra
   714 | D        | Reached skill level 14 in Fighting
   717 | D        | Killed a tengu warrior
   718 | D        | Reached XP level 10. HP: 21/76 MP: 10/10
  1008 | D        | Noticed a cane toad
  1008 | D        | Noticed a cane toad
  1008 | D        | Noticed a cane toad
  1008 | D        | Noticed a cane toad
  1016 | D        | Killed a cane toad
  1020 | D        | Killed a cane toad
  1021 | D        | Reached skill level 15 in Fighting
  1022 | D        | Killed a cane toad
  1027 | D        | Killed a cane toad
  1049 | D        | Reached skill level 16 in Fighting
  1049 | D        | Reached skill level 15 in Maces & Flails
  1163 | D        | Noticed a black mamba
  1163 | D        | Noticed a torpor snail
  1163 | D        | Noticed a death yak
  1163 | D        | Noticed an elephant
  1166 | D        | Reached skill level 10 in Armour
  1173 | D        | Killed an elephant
  1179 | D        | Killed a death yak
  1180 | D        | Reached XP level 11. HP: 45/84 MP: 11/11
  1189 | D        | Reached skill level 17 in Fighting
  1399 | D        | Reached skill level 10 in Dodging
  1510 | D        | Noticed Erolcha
  1519 | D        | Killed Erolcha
  1525 | D        | Noticed Gastronok
  1534 | D        | Killed Gastronok
  1535 | D        | Reached skill level 18 in Fighting
  1941 | D        | Found Huunuu Ache's Distillery.
  1941 | D        | Noticed an orc high priest
  1941 | D        | Noticed an orc high priest
  1941 | D        | Noticed an orc high priest
  1942 | D        | Noticed a sun demon
  1945 | D        | Noticed an orc high priest
  1947 | D        | Killed an orc high priest
  1952 | D        | Noticed a sun demon
  1953 | D        | Killed an orc high priest
  1954 | D        | Found Xoqineg's Distillery.
  1958 | D        | Killed an orc high priest
  1959 | D        | Reached XP level 12. HP: 48/94 MP: 12/12
  1960 | D        | Found Seubiseb's Antique Weapon Boutique.
  1962 | D        | Killed an orc high priest
  1963 | D        | Reached skill level 19 in Fighting
  2096 | D        | Found Ryiloch's Antique Weapon Shop.
  2139 | D        | Bought a potion of invisibility for 112 gold pieces
  2139 | D        | Bought a potion of heal wounds for 70 gold pieces
  2139 | D        | Bought a potion of haste for 140 gold pieces
  2139 | D        | Bought 2 potions of mutation for 224 gold pieces
  2139 | D        | Bought a potion of resistance for 140 gold pieces
  2139 | D        | Bought a potion of magic for 112 gold pieces
  2139 | D        | Bought a potion of heal wounds for 70 gold pieces
  2139 | D        | Bought a potion of lignification for 42 gold pieces
  2139 | D        | Bought a potion of attraction for 42 gold pieces
  2141 | D        | Bought a potion of curing for 42 gold pieces
  2141 | D        | Bought a potion of cancellation for 112 gold pieces
  2141 | D        | Bought a potion of cancellation for 112 gold pieces
  2141 | D        | Bought a potion of mutation for 112 gold pieces
  2141 | D        | Bought a potion of haste for 140 gold pieces
  2141 | D        | Bought a potion of degeneration for 14 gold pieces
  2141 | D        | Bought a potion of berserk rage for 70 gold pieces
  2141 | D        | Bought a potion of ambrosia for 112 gold pieces
  2145 | D        | Bought a glowing dire flail for 112 gold pieces
  2147 | D        | Bought a glowing lajatang for 324 gold pieces
  2190 | D        | Bought an amulet of regeneration for 300 gold pieces
  2190 | D        | Bought a ring of protection from cold for 250 gold pieces
  2190 | D        | Bought the ring of Sloth {Drain rC+ rCorr Str+3 Dex+2} for
                  | 425 gold pieces
  2325 | D        | Got the +1 plate armour of Atzedw Ucra {Will+ Str+2}
  2453 | D        | Noticed a boulder beetle
  2459 | D        | Noticed a fire dragon
  2461 | D        | Noticed a tengu warrior
  2474 | D        | Noticed a brown very ugly thing
  2481 | D        | Killed a fire dragon
  2482 | D        | Noticed a cyan very ugly thing
  2490 | D        | Killed a brown very ugly thing
  2494 | D        | Reached skill level 20 in Fighting
  2495 | D        | Noticed a frost giant
  2499 | D        | Killed a cyan very ugly thing
  2504 | D        | Killed a tengu warrior
  2518 | D        | Killed a frost giant
  2538 | D        | Killed a boulder beetle
  2644 | D        | Noticed Nessos
  2674 | D        | Killed Nessos
  2716 | D        | Noticed a naga warrior
  2725 | D        | Noticed a nagaraja
  2727 | D        | Killed a naga warrior
  2728 | D        | Reached skill level 21 in Fighting
  2728 | D        | Noticed a naga sharpshooter
  2733 | D        | Reached XP level 13. HP: 40/104 MP: 13/13
  2748 | D        | Killed a nagaraja
  2802 | D        | Bought a runed morningstar for 210 gold pieces
  2815 | D        | Noticed a merfolk impaler
  2816 | D        | Noticed a merfolk javelineer
  2853 | D        | Killed a merfolk javelineer
  2861 | D        | Killed a merfolk impaler
  2862 | D        | Reached skill level 22 in Fighting
  2867 | D        | Reached skill level 15 in Armour
  2918 | D        | Noticed a bunyip
  2931 | D        | Killed a bunyip
  2952 | D        | Slain by an alligator

Illustrated notes

Levels and vault maps discovered:
D:        linesprint [early_d, line_temple, items_1, d_10, items_2, lair_1,
          lair_end, items_3, orc_1, orc_end, items_4, d_15, swamp_1, shoals_1,
          snake_1, spider_1, d_20, vaults_1, items_5, swamp_end, shoals_end,
          snake_end, spider_end, vaults_end, d_27, items_6, zot_1, zot_end,
          crypt_end, forest_end, elf_end, slime_end, tomb_end, abyss_end,
          pan_hell_end]

Skill      XL: |  1  2  3  4  5  6  7  8  9 10 11 12 13 |
---------------+----------------------------------------+-----
Fighting       | 6 8 10 11 13 14 16 18 21 22 | 22.6
Maces & Flails | 6 7 8 9 11 12 13 15 17 19 21 | 21.0
Dodging        | 4 5 6 7 8 9 10 12 13 | 13.1
Armour         | 4 5 7 8 10 12 14 15 | 15.4
Throwing       | |  1.7

Action                     |  1- 3 |  4- 6 |  7- 9 | 10-12 | 13-15 || total
---------------------------+-------+-------+-------+-------+-------++-------
  Melee: Flail             |    25 |    17 |       |       |       ||    42
         Dire flail        |       |     5 |    44 |   270 |   100 ||   419
 Invoke: Call Merchant     |       |       |       |     1 |     1 ||     2
  Evoke: Wand              |       |       |       |     4 |       ||     4
    Use: Potion            |     1 |     2 |     3 |     3 |     1 ||    10
         Scroll            |       |       |       |     1 |       ||     1
   Stab: Invisible         |       |     1 |       |       |       ||     1
         Distracted        |       |       |       |     2 |     2 ||     4
 Armour: Leather armour    |    12 |     9 |       |       |       ||    21
         Scale mail        |       |       |    17 |       |       ||    17
         Plate armour      |       |       |    22 |   100 |    92 ||   214
  Dodge: Dodged            |    14 |    14 |    21 |   113 |    67 ||   229

Table legend: (Time is in decaauts)
 A = Elapsed time spent in this place.
 B = Non-inter-level travel time spent in this place.
 C = Inter-level travel time spent in this place.
 D = Time resting spent in this place.
 E = Time spent auto-exploring this place.
 F = Levels seen in this place.
 G = Mean time per level.
                   A        B        C        D        E       F      G
               +--------+--------+--------+--------+--------+-----+--------+
         Total |   2918 |   2918 |      0 |   1461 |      0 |   1 | 2918.0 |
       Dungeon |   2918 |   2918 |      0 |   1461 |      0 |   1 | 2918.0 |
               +--------+--------+--------+--------+--------+-----+--------+

Top non-repeatable levels by time:
       D: 2918 daAuts
